 Dungeon Crawl Stone Soup version 0.28.0-43-g3370ac3207 (webtiles) character file.

Game seed: 4513711549118337225

9574 nickcage the Basher (level 11, -4/92 HPs)
             Began as a Pale Draconian Abyssal Knight on Mar 14, 2022.
             Was a High Priest of Lugonu.
             Slain by a slime creature (16 damage)
             ... on level 11 of the Dungeon.
             The game lasted 00:57:20 (17836 turns).

nickcage the Basher (DrAK)                         Turns: 17836, Time: 00:57:21

Health: -4/92      AC: 11    Str: 23    XL:     11   Next: 24%
Magic:  12/12      EV: 12    Int:  7    God:    Lugonu [*****.]
Gold:   763        SH:  0    Dex: 11    Spells: 10/10 levels left

rFire   . . .      SeeInvis .   E - +10 trident "Narphir" {freeze, rN+ Str+4 Int-5}
rCold   . . .      Faith    .   (no shield)
rNeg    + . .      Spirit   .   (armour unavailable)
rPois   +          Reflect  .   (helmet restricted)
rElec   .          Harm     .   (no cloak)
rCorr   +          Rampage  .   q - +1 pair of gloves
Will    .....                   A - +1 pair of boots
Stlth   +.........              f - amulet of the acrobat
HPRegen 0.25/turn               p - ring of poison resistance
MPRegen 0.13/turn               y - ring of resist corrosion

@: studying Fighting
A: breathe steam, AC +7, unfitting armour, cold-blooded, steam resistance
a: Breathe Steam, Renounce Religion, Depart the Abyss, Bend Space, Banish,
Corrupt, Enter the Abyss


You were on level 11 of the Dungeon.
You worshipped Lugonu.
Lugonu was extremely pleased with you.
You visited 1 branch of the dungeon, and saw 11 of its levels.
You visited the Abyss 1 time.
You also visited: Ossuary and Bailey.

You collected 872 gold pieces.
You spent 109 gold pieces at shops.

Inventory:

Hand Weapons
 a - a +1 mace
 u - the +11 short sword of Fafedos {freeze, rElec rN+ Dex+3}
   (You found it on level 7 of the Dungeon)

   It freezes those it strikes, dealing additional cold damage.
   It can also slow down cold-blooded creatures.
   Dex:       It affects your dexterity (+3).
   rElec:     It insulates you from electricity.
   rN:        It protects you from negative energy.
 E - the +10 trident "Narphir" (weapon) {freeze, rN+ Str+4 Int-5}
   (You found it on level 9 of the Dungeon)

   It freezes those it strikes, dealing additional cold damage.
   It can also slow down cold-blooded creatures.
   Str:       It affects your strength (+4).
   Int:       It affects your intelligence (-5).
   rN:        It protects you from negative energy.
Missiles
 i - a datura-tipped dart
 x - 25 poisoned darts (quivered)
Armour
 q - a +1 pair of gloves (worn)
 A - a +1 pair of boots (worn)
Jewellery
 f - an amulet of the acrobat (around neck)
 p - a ring of poison resistance (left hand)
 w - an amulet of faith
 y - a ring of resist corrosion (right hand)
Wands
 h - a wand of mindburst (11)
 k - a wand of iceblast (19)
 s - a wand of charming (7)
Scrolls
 b - 3 scrolls of vulnerability {unknown}
 c - 6 scrolls of teleportation
 o - 3 scrolls of magic mapping
 t - a scroll of brand weapon {unknown}
 v - a scroll of blinking
 B - a scroll of fear {unknown}
 C - 4 scrolls of identify
 H - a scroll of holy word
 I - a scroll of amnesia
 J - a scroll of fog {unknown}
 K - a scroll of enchant weapon
Potions
 d - 5 potions of haste
 e - 3 potions of resistance
 g - 4 potions of flight {unknown}
 j - a potion of might
 l - 2 potions of attraction {unknown}
 m - 3 potions of ambrosia
 n - 3 potions of brilliance {unknown}
 r - a potion of lignification {unknown}
 z - a potion of mutation {unknown}
 D - 2 potions of cancellation {unknown}
 F - a potion of invisibility {unknown}
 G - 3 potions of curing


   Skills:
 - Level 7.1 Fighting
 - Level 7.2 Short Blades
 - Level 13.2 Maces & Flails
 * Level 8.1 Polearms
 - Level 0.1 Throwing
 - Level 2.1 Dodging
 - Level 2.0 Invocations


You had 10 spell levels left.
You didn't know any spells.
Your spell library contained the following spells:

 Spells                   Type           Power      Damage    Failure   Level
 Slow                     Hex            0%         N/A       43%         1
 Blink                    Tloc           0%         N/A       56%         2
 Corpse Rot               Necr/Air       0%         N/A       56%         2
 Confusing Touch          Hex            0%         N/A       80%         3
 Gell's Gravitas          Tloc           0%         N/A       80%         3
 Ignite Poison            Fire/Tmut/Pois 0%         N/A       80%         3
 Lesser Beckoning         Tloc           0%         N/A       80%         3
 Mephitic Cloud           Conj/Pois/Air  0%         N/A       80%         3
 Teleport Other           Tloc           0%         N/A       80%         3
 Vampiric Draining        Necr           0%         2d6       80%         3
 Dispel Undead            Necr           0%         3d6       99%         4
 Passage of Golubria      Tloc           0%         N/A       99%         4
 Freezing Cloud           Conj/Ice/Air   0%         6-21      100%        5
 Manifold Assault         Tloc           0%         N/A       100%        5
 Silence                  Hex/Air        0%         N/A       100%        5
 Yara's Violent Unravell  Hex/Tmut       0%         3d3       100%        5
 Death Channel            Necr           0%         N/A       100%        6
 Dispersal                Tloc           0%         N/A       100%        6
 Enfeeble                 Hex            0%         N/A       100%        7
 Storm Form               Tmut/Air       0%         N/A       100%        7
 Lehudib's Crystal Spear  Conj/Erth      0%         10d2      100%        8


Dungeon Overview and Level Annotations

Branches:
Dungeon (11/15)            Temple (0/1) D:5             Orc (0/2) D:11
Ossuary (visited)          Bailey (visited)
   Lair: D:8-11

Altars:
Fedhas
Ru
Sif Muna

Shops:
D:1 [   D:4 *([!   D:10 ([


Innate Abilities, Weirdness & Mutations

You can breathe blasts of scalding, opaque steam.
Your pale cyan-grey scales are hard. (AC +7)
You cannot fit into any form of body armour.
You are cold-blooded and may be slowed by cold attacks.
You are immune to the effects of steam.


Message History

The slime creature hits you. x2
You hit the slime creature. You freeze the slime creature.
The slime creature is moderately wounded.
The slime creature hits you! The slime creature hits you.
The slime creature closely misses you.
You puncture the slime creature! You freeze the slime creature.
You punch the slime creature, but do no damage.
The slime creature is heavily wounded.
The slime creature hits you. The slime creature hits you!
The slime creature hits you but does no damage.
You are too injured to fight recklessly!
You are too injured to fight recklessly!
You are too injured to fight recklessly!
You are too injured to fight recklessly!
You impale the slime creature!! You freeze the slime creature.
The slime creature is almost dead.
The slime creature hits you. The slime creature barely misses you.
The slime creature hits you.
You puncture the slime creature! You freeze the slime creature.
You kill the slime creature!
Lugonu accepts your kill. The slime creature hits you. x2
* * * LOW HITPOINT WARNING * * *
Your Polearms skill increases to level 8!
You puncture the slime creature! You freeze the slime creature.
The slime creature is lightly wounded.
The slime creature misses you.
You puncture the slime creature! You freeze the slime creature.
You tail-slap the slime creature.
The slime creature is heavily wounded.
The slime creature completely misses you.
The slime creature closely misses you.
You hit the slime creature. You freeze the slime creature.
The slime creature is heavily wounded.
The slime creature barely misses you. The slime creature hits you!
* * * LOW HITPOINT WARNING * * *
You puncture the slime creature! You freeze the slime creature.
The slime creature is almost dead.
The slime creature hits you!
You die...

#........# #.>)
#........# #..)
#........####'###
#........#...####
#........#.8..)))
#........#...####
..######........########
......J.................
.......@.............)..
......J.................
........................
........................
#############........###
#........# #........#
#........# #........#


You could see 2 slime creatures.

Vanquished Creatures
  A hydra (D:11)
  A two-headed ogre (D:10)
  Joseph (D:9)
  3 kobold demonologists
  A troll (D:11)
  A hornet (D:8)
  2 slime creatures (D:11)
  A vampire (D:9)
  A shadow (D:10)
  Sigmund (D:4)
  A wyvern (D:10)
  3 yaks (D:5)
  2 steam dragons (D:7)
  An acid dragon (D:11)
  A water moccasin (D:7)
  2 ice beasts (D:7)
  15 orc warriors
  A sky beast (D:6)
  A black bear (D:8)
  A hornet zombie (D:6)
  5 ogres
  2 centaurs
  A phantom (D:4)
  3 kobold brigands
  A bullfrog (D:7)
  A gnoll sergeant (D:6)
  3 scorpions
  A wyvern skeleton (D:4)
  A water moccasin zombie (D:6)
  4 killer bees (D:8)
  2 electric eels (D:7)
  3 wights
  A howler monkey (D:7)
  6 centaur zombies
  2 bullfrog zombies
  6 hounds
  3 orc priests
  2 jellies
  A gnoll shaman (D:6)
  2 iguanas
  9 orc wizards
  Natasha (twice) (D:4 D:3)
  A killer bee zombie (D:7)
  A hound skeleton (D:4)
  6 mummies
  7 gnolls
  A howler monkey skeleton (D:7)
  9 adders
  8 river rats (D:5)
  A white imp (D:7)
  2 ufetubi
  An adder skeleton (D:5)
  2 worms
  2 dart slugs
  59 orcs
  14 ball pythons
  6 bats
  6 endoplasms
  4 giant cockroaches
  3 gnoll zombies (Ossuary)
  15 goblins
  13 hobgoblins
  10 jackals
  17 kobolds
  6 quokkas
  2 frilled lizards
  3 goblin zombies (Ossuary)
  A kobold zombie (D:4)
  2 orc zombies
  20 rats
324 creatures vanquished.

Vanquished Creatures (others)
  3 orcs (D:7)
3 creatures vanquished.

Grand Total: 327 creatures vanquished

Notes
Turn   | Place    | Note
-------+----------+-------------------------------------------
     0 | Abyss:1  | nickcage the Draconian Abyssal Knight began the quest for
                  | the Orb.
     0 | Abyss:1  | Reached XP level 1. HP: 19/19 MP: 2/2
    28 | D:1      | Escaped the Abyss
    47 | D:1      | Noticed a black bear
    47 | D:1      | Noticed a black mamba
    48 | D:1      | Noticed a redback
    48 | D:1      | Noticed a wolf
   154 | D:1      | Reached * piety under Lugonu
   155 | D:1      | Reached XP level 2. HP: 20/26 MP: 3/3
   163 | D:1      | Reached skill level 3 in Maces & Flails
   427 | D:1      | Found Liez's Antique Armour Shoppe.
   565 | D:1      | Found a faded altar of an unknown god.
   685 | D:1      | Reached XP level 3. HP: 15/31 MP: 4/4
  1122 | D:2      | Reached skill level 4 in Maces & Flails
  1128 | D:2      | Reached ** piety under Lugonu
  1694 | D:2      | Found a shimmering blue altar of Sif Muna.
  1713 | D:2      | Reached XP level 4. HP: 21/31 MP: 5/5
  2106 | D:3      | Reached skill level 5 in Maces & Flails
  2544 | D:3      | Reached XP level 5. HP: 42/43 MP: 6/6
  3150 | D:3      | HP: 2/44 [poisoned by a scorpion]
  3672 | D:4      | Reached skill level 6 in Maces & Flails
  3680 | D:4      | Noticed an ogre
  3687 | D:4      | Killed an ogre
  3688 | D:4      | Reached XP level 6. HP: 16/51 MP: 7/7
  3710 | D:4      | Found a sand-covered staircase.
  3722 | Ossuary  | Entered an ossuary
  3933 | Ossuary  | Reached skill level 7 in Maces & Flails
  4267 | Ossuary  | Reached *** piety under Lugonu
  4434 | D:4      | Found Jotolinn's Weapon Boutique.
  4559 | D:4      | Noticed Sigmund
  4581 | D:4      | Killed Sigmund
  4582 | D:4      | Reached skill level 8 in Maces & Flails
  4582 | D:4      | Your scales start taking on a pale cyan-grey colour.
  4582 | D:4      | Reached XP level 7. HP: 46/57 MP: 8/8
  4582 | D:4      | Gained mutation: You are immune to the effects of steam.
                  | [Pale Draconian growth]
  4947 | D:4      | Found Ufuepsaf's Distillery.
  4956 | D:4      | Bought a potion of heal wounds for 60 gold pieces
  5033 | D:4      | Noticed Natasha
  5045 | D:4      | Killed Natasha
  5080 | D:4      | Noticed Natasha
  5110 | D:3      | HP: 1/57 [Natasha (4)]
  5111 | D:3      | Killed Natasha
  5112 | D:3      | Reached skill level 9 in Maces & Flails
  5440 | D:4      | Found Oloykkuk's Assorted Antiques.
  5652 | D:4      | Found Bimaodd's Armour Shoppe.
  5655 | D:4      | Bought a +0 pair of gloves for 49 gold pieces
  5695 | D:5      | Entered Level 5 of the Dungeon
  5711 | D:5      | Found a blossoming altar of Fedhas.
  5715 | D:5      | Noticed a yak
  5733 | D:5      | Killed a yak
  5734 | D:5      | Reached XP level 8. HP: 38/63 MP: 9/9
  5946 | D:5      | Reached skill level 10 in Maces & Flails
  6398 | D:5      | Reached skill level 11 in Maces & Flails
  6659 | D:5      | Found a staircase to the Ecumenical Temple.
  6840 | D:5      | Reached **** piety under Lugonu
  7633 | D:6      | HP: 3/63 [gnoll sergeant/+2 spear of flaming (7)]
  7635 | D:6      | Reached XP level 9. HP: 3/70 MP: 10/10
  7993 | D:6      | Reached skill level 12 in Maces & Flails
  8622 | D:6      | Found a sacrificial altar of Ru.
  9359 | D:7      | Reached skill level 13 in Maces & Flails
  9625 | D:7      | Identified the +11 short sword of Fafedos {freeze, rElec
                  | rN+ Dex+3}
  9650 | D:7      | Reached skill level 1 in Short Blades
  9888 | D:7      | Reached ***** piety under Lugonu
 10568 | D:8      | Found a flagged portal.
 10580 | D:8      | Reached XP level 10. HP: 48/80 MP: 11/11
 10593 | Bailey   | Entered a bailey
 10846 | Bailey   | Reached skill level 5 in Short Blades
 12132 | Bailey   | Noticed an orc knight
 12132 | Bailey   | Noticed an orc knight
 12132 | Bailey   | Noticed an orc knight
 13212 | D:9      | Identified the +10 trident "Narphir" {freeze, rN+ Str+4
                  | Int-5}
 13337 | D:9      | HP: 4/80 [orc warrior/+0 broad axe (5)]
 13363 | D:9      | Reached skill level 1 in Polearms
 13903 | D:9      | Noticed Joseph
 13962 | D:8      | Reached skill level 5 in Fighting
 14097 | D:9      | HP: 4/81 [something (10)]
 14615 | D:10     | Entered Level 10 of the Dungeon
 14909 | D:10     | Found Lemipt's Armour Emporium.
 15186 | D:10     | Found Umnex's Antique Weapon Boutique.
 15208 | D:10     | Identified the +9 war axe of the Living Dead {speed, rPois
                  | rN+ Int+2}
 15260 | D:10     | Noticed a two-headed ogre
 15300 | D:10     | Killed a two-headed ogre
 15301 | D:10     | Reached skill level 5 in Polearms
 15919 | D:10     | Noticed a two-headed ogre
 16106 | D:9      | Killed Joseph
 17058 | D:11     | Noticed an eight-headed hydra
 17065 | D:11     | Killed an eight-headed hydra
 17066 | D:11     | Reached XP level 11. HP: 54/92 MP: 12/12
 17641 | D:11     | Identified the +4 dagger of the Throat {vorpal, rPois rF++
                  | Str+3}
 17677 | D:11     | Found a staircase to the Orcish Mines.
 17836 | D:11     | Slain by a slime creature

Illustrated notes

Levels and vault maps discovered:
D:1:      onia_arrival_zoo_common, layout_rooms, serial_shops,
          nicolae_shop_temple_entry_statues_fountains,
          chequers_ecumenical_altar_simple, grunt_decor_resistance,
          minmay_hedge_maze
D:2:      layout_rooms, basic_altar, minmay_hexomino_f4
D:3:      layout_loops_ring
D:4:      layout_cave_pools, nicolae_ossuary_entry_giza, serial_shops,
          nicolae_shop_bloodbath_and_beyond, shop, shop, kennysheep_mini,
          uniq_sigmund, uniq_natasha
D:5:      lemuel_ratsnest, layout_basic,
          mainiacjoe_overflow_concentric_impassable,
          minmay_temple_entry_proselytizer
D:6:      layout_basic, mainiacjoe_overflow_paths, st_stairs_1,
          hex_intersection, centaur_isle
D:7:      layout_cave_pools, dk_noncrumbling_2, fountainhead
D:8:      layout_basic, enter_bailey_5, hex_medium
D:9:      layout_basic, uniq_joseph
D:10:     layout_irregular_city, serial_column_ruins, column_ruins_grid_1,
          column_ruins_open_small, column_ruins_grid_3,
          column_ruins_columns_straight, column_ruins_columns_straight,
          column_ruins_corridor_T, column_ruins_open_tiny, serial_shops,
          shop_fountains, nicolae_stop_n_shop_1, lightli_orcish_oven
D:11:     layout_gridville, lair_entry_dummy, hiddenorc2_lemuel

Skill      XL: |  1  2  3  4  5  6  7  8  9 10 11 |
---------------+----------------------------------+-----
Maces & Flails | 3 4 5 6 8 9 11 13 | 13.2
Short Blades   | 4 7 |  7.2
Fighting       | 4 7 |  7.1
Polearms       | 6 8 |  8.1
Throwing       | |  0.1
Dodging        | |  2.1
Invocations    | |  2.0

Action                   |  1- 3 |  4- 6 |  7- 9 | 10-12 || total
-------------------------+-------+-------+-------+-------++-------
Melee: Mace              |   157 |   188 |   289 |       ||   634
       Tailslap          |    10 |    21 |    49 |    26 ||   106
       Punch             |     1 |     2 |     3 |     6 ||    12
       Short sword       |       |       |    60 |    86 ||   146
       Trident           |       |       |       |   208 ||   208
Throw: Dart              |       |     5 |     9 |    25 ||    39
Invok: Depart the Abyss  |     1 |       |       |       ||     1
 Abil: Breathe Steam     |       |       |    26 |    10 ||    36
  Use: Potion            |       |     3 |     1 |     2 ||     6
       Scroll            |       |       |    10 |     1 ||    11
 Stab: Sleeping          |       |     1 |       |       ||     1
Armor: Skin              |    60 |    37 |   116 |   123 ||   336
Dodge: Dodged            |   150 |   125 |   367 |   254 ||   896
